 Dungeon Crawl Stone Soup version 0.30-a0-605-gb2882149bf (webtiles) character file.

Game seed: 119527240295244142

22809 bmack86 the Fighter (level 12, 0/116 HPs)
             Began as a Minotaur Fighter on Jan 8, 2023.
             Was a High Priest of Okawaru.
             Slain by a komodo dragon (20 damage)
             ... on level 3 of the Lair of Beasts.
             The game lasted 00:36:53 (11541 turns).

bmack86 the Fighter (Minotaur Fighter)             Turns: 11541, Time: 00:36:54

Health: 0/116      AC: 32    Str: 29    XL:     12   Next: 66%
Magic:  15/15      EV: 12    Int:  5    God:    Okawaru [*****.]
Gold:   146        SH:  6    Dex: 10    Spells: 11/11 levels left

rFire   + . .      SeeInvis .    z - +4 war axe (heavy)
rCold   . . .      Faith    .    c - +0 buckler
rNeg    . . .      Spirit   .    y - +6 plate armour {rF+}
rPois   .          Reflect  .    (helmet restricted)
rElec   .          Harm     .    q - +0 cloak
rCorr   .          Rampage  .    e - +2 pair of gloves {Str+3}
Will    .....                    x - +2 pair of boots Stlth
                                 (no amulet)
HPRegen 0.39/turn                n - +4 ring of protection
MPRegen 0.14/turn                a - +5 ring of evasion

@: lethally poisoned (0 -> -5)
A: horns 2, retaliatory headbutt
a: Renounce Religion, Heroism, Finesse, Duel


You were on level 3 of the Lair of Beasts.
You worshipped Okawaru.
Okawaru was extremely pleased with you.
You visited 3 branches of the dungeon, and saw 14 of its levels.
You also visited: Ossuary and Bailey.

You collected 844 gold pieces.
You spent 698 gold pieces at shops.

Inventory:

Hand Weapons
 z - a +4 heavy war axe (weapon)
Missiles
 b - 24 poisoned darts (quivered)
 B - a javelin
 E - 5 silver javelins
Armour
 c - a +0 buckler (worn)
 e - a +2 pair of gloves of strength (worn)
 q - a +0 cloak (worn)
 s - a +0 chain mail
 x - a +2 pair of boots (worn)
 y - a +6 plate armour of fire resistance (worn)
 L - a +0 cloak
Jewellery
 a - a +5 ring of evasion (right hand)
 n - a +4 ring of protection (left hand)
 w - a ring of resist corrosion
 G - a ring of ice
Wands
 j - a wand of mindburst (6)
 o - a wand of polymorph (9)
 r - a wand of digging (6)
 t - a wand of flame (57)
Scrolls
 g - 6 scrolls of teleportation
 i - 2 scrolls of enchant weapon
 k - 2 scrolls of vulnerability
 m - a scroll of silence
 v - 6 scrolls of poison
 K - a scroll of fear
 M - 2 scrolls of blinking
Potions
 d - 4 potions of might
 f - 6 potions of brilliance
 h - 10 potions of curing
 l - a potion of cancellation
 p - a potion of flight
 u - 8 potions of haste
 A - a potion of resistance
 C - 4 potions of heal wounds
 D - 4 potions of magic
 F - a potion of invisibility
 H - 2 potions of lignification
 I - 2 potions of ambrosia
 J - a potion of berserk rage


   Skills:
 * Level 13.7 Fighting
 * Level 13.4 Axes
 + Level 7.5 Throwing
 + Level 10.0 Armour
 + Level 10.0 Shields
 + Level 6.4 Invocations


You had 11 spell levels left.
You didn't know any spells.
Your spell library contained the following spells:

 Spells                   Type           Power      Damage    Failure   Level
 Gell's Gravitas          Tloc           0%         N/A       100%        3
 Hailstorm                Conj/Ice       0%         3d3       100%        3
 Lesser Beckoning         Tloc           0%         N/A       100%        3
 Teleport Other           Tloc           0%         N/A       100%        3
 Ice Form                 Ice/Tmut       0%         N/A       100%        4
 Simulacrum               Ice/Necr       Unusable   N/A       N/A         6

Dungeon Overview and Level Annotations

Branches:
Dungeon (10/15)            Temple (1/1) D:4            Lair (3/5) D:9
 Shoals (0/4) Lair:2       Spider (0/4) Lair:2      Ossuary (visited)
 Bailey (visited)
    Orc: D:9-12

Altars:
Ashenzari
Cheibriados
Elyvilon
Fedhas
Gozag
Hepliaklqana
Makhleb
Okawaru
Ru
Sif Muna
Trog
Uskayaw
Vehumet
Wu Jian
Xom
Yredelemnul
Zin
The Shining One

Shops:
D:5 ?[[?=   D:7 (   D:9 ?

Annotations:
D:2 1 runed translucent door, Crazy Yiuf


Innate Abilities, Weirdness & Mutations

You have a pair of horns on your head.
You reflexively headbutt those who attack you in melee.


Message History

You feel sick.
A cane toad comes into view.
You feel sick.
You are no longer poisoned.
The cane toad gives a loud, deep croak!
You see here a bullfrog corpse.
The cane toad barely misses you.
You closely miss the cane toad. You headbutt the cane toad!
The cane toad is moderately wounded.
The cane toad completely misses you. You furiously retaliate!
You headbutt the cane toad. The cane toad completely misses you.
You slash the cane toad!
The cane toad is severely wounded.
The cane toad barely misses you. You furiously retaliate!
You headbutt the cane toad! You hit the cane toad but do no damage.
The cane toad is almost dead.
You block the cane toad's attack.
A komodo dragon comes into view.
The cane toad stings you!
You are poisoned.
The cane toad poisons you!
The komodo dragon hisses angrily.
You slash the cane toad!
You kill the cane toad!
Okawaru accepts your kill.
You feel extremely sick.
Your Shields skill increases to level 10!
You feel very sick.
You closely miss the komodo dragon.
You feel very sick. The komodo dragon barely misses you.
You slice the komodo dragon!!
The komodo dragon is heavily wounded.
You feel very sick. The komodo dragon barely misses you.
You slash the komodo dragon!
The komodo dragon is severely wounded.
You feel sick. The komodo dragon bites you!!
You die...

..≈##≈≈.. ...P..
#......§##........
......≈≈..........
.................
................
.........#.#..#. .
#.††.##.#.#...
#.......#.....
##††..@l....#
###........#.##
####.............#
#............#..... ..
##...........#.#..P.
...##P<.........#.......
........#.............#.
......................#
..##...#....†.........


You could see a komodo dragon.

Vanquished Creatures
  A catoblepas (Lair:1)
  3 two-headed ogres
  A harpy (Lair:2)
  A manticore (D:8)
  3 elephants (Lair:1)
  3 cane toads (Lair:3)
  A gargoyle (D:10)
  Maggie (D:8)
  3 komodo dragons
  A rime drake (Lair:1)
  A polar bear (Lair:3)
  13 blink frogs
  Grinder (D:3)
  7 yaks
  2 wyverns (D:10)
  A vampire (D:7)
  A shadow (D:9)
  3 steam dragons
  2 acid dragons
  8 water moccasins
  An ice beast (D:6)
  2 orc warriors
  4 sky beasts
  An ogre (D:6)
  2 black bears
  3 centaurs
  9 wolves
  2 kobold brigands
  11 bullfrogs
  4 scorpions
  5 water moccasin zombies (Ossuary)
  14 wights
  10 killer bees (D:9)
  4 howler monkeys
  5 hounds
  2 orc priests
  2 jellies (D:6)
  An iguana (D:5)
  6 orc wizards
  2 mummies (Ossuary)
  12 gnolls (Bailey)
  4 adders
  2 shadow imps
  2 ufetubi
  2 adder zombies (Ossuary)
  2 dart slugs (D:1)
  47 orcs
  10 ball pythons
  6 bats
  3 endoplasms
  4 giant cockroaches
  7 hobgoblins
  8 jackals
  12 kobolds
  7 quokkas
  3 frilled lizards
  4 gnoll zombies (Ossuary)
  9 goblins
  4 hobgoblin zombies (Ossuary)
  3 kobold zombies (Ossuary)
  5 orc zombies (Ossuary)
  7 rats
  A spectral orc (D:9)
  A butterfly (Lair:3)
312 creatures vanquished.

Vanquished Creatures (others)
  A fungus (Lair:1)
  3 plants
  4 toadstools (D:1)
8 creatures vanquished.

Grand Total: 320 creatures vanquished

Notes
Turn   | Place    | Note
-------+----------+-------------------------------------------
     0 | D:1      | bmack86 the Minotaur Fighter began the quest for the Orb.
     0 | D:1      | Reached XP level 1. HP: 19/19 MP: 0/0
   151 | D:1      | Reached XP level 2. HP: 26/27 MP: 1/1
   420 | D:1      | Found a faded altar of an unknown god.
   544 | D:1      | Reached XP level 3. HP: 33/33 MP: 2/2
   684 | D:1      | Identified a scroll of acquirement
   685 | D:1      | Acquired a +2 pair of gloves of strength
  1068 | D:2      | Found a runed translucent door.
  1069 | D:2      | Noticed Crazy Yiuf
  1547 | D:3      | Found a glowing golden altar of the Shining One.
  1554 | D:3      | Reached XP level 4. HP: 40/41 MP: 3/3
  1696 | D:3      | Found a burning altar of Makhleb.
  1696 | D:3      | Noticed Grinder
  1702 | D:3      | Noticed a blizzard demon
  1705 | D:3      | Paralysed by Grinder for 2 turns
  1716 | D:3      | Killed Grinder
  1717 | D:3      | Reached skill level 5 in Fighting
  1717 | D:3      | Reached skill level 1 in Throwing
  1717 | D:3      | Reached XP level 5. HP: 15/49 MP: 4/4
  1717 | D:3      | Reached XP level 6. HP: 17/56 MP: 5/5
  1745 | D:3      | Found a glowing silver altar of Zin.
  1855 | D:3      | Noticed an angel
  1874 | D:3      | Found a radiant altar of Vehumet.
  1972 | D:3      | Found a blossoming altar of Fedhas.
  2069 | D:3      | Found a bloodstained altar of Trog.
  2304 | D:4      | Found a staircase to the Ecumenical Temple.
  2315 | Temple   | Entered the Ecumenical Temple
  2328 | Temple   | Became a worshipper of Warmaster Okawaru
  2445 | D:4      | Reached skill level 5 in Axes
  2768 | D:5      | Entered Level 5 of the Dungeon
  2768 | D:5      | Found Onla's Jewellery Boutique.
  2903 | D:5      | Found Xastoeco's Magic Scroll Emporium.
  3118 | D:5      | Reached skill level 5 in Armour
  3118 | D:5      | Reached skill level 5 in Shields
  3118 | D:5      | Reached XP level 7. HP: 48/63 MP: 6/6
  3201 | D:5      | Found Neceif's Antique Armour Shoppe.
  3571 | D:5      | Found Cean's Magic Scroll Emporium.
  3649 | D:5      | Found Perac's Antique Armour Shoppe.
  3900 | D:5      | Bought a scroll of identify for 30 gold pieces
  3917 | D:6      | Reached * piety under Okawaru
  4078 | D:6      | Found a broken altar of Ashenzari.
  4149 | D:6      | Reached XP level 8. HP: 50/73 MP: 7/7
  4173 | D:6      | Found a shimmering altar of Xom.
  4189 | D:6      | Found a sand-covered staircase.
  4313 | Ossuary  | Entered an ossuary
  4379 | Ossuary  | Reached ** piety under Okawaru
  4500 | D:6      | Found a sacrificial altar of Ru.
  5224 | D:7      | Reached XP level 9. HP: 76/82 MP: 8/8
  5285 | D:7      | Found Piufour's Weapon Boutique.
  5402 | D:7      | Noticed a torpor snail
  5403 | D:7      | Found a snail-covered altar of Cheibriados.
  5570 | D:7      | Reached skill level 1 in Invocations
  5997 | D:8      | Found a white marble altar of Elyvilon.
  6006 | D:8      | Reached *** piety under Okawaru
  6122 | D:8      | Found an ornate altar of the Wu Jian Council.
  6135 | D:8      | Noticed Maggie
  6147 | D:8      | Killed Maggie
  6461 | D:8      | Noticed a manticore
  6470 | D:8      | Killed a manticore
  6470 | D:8      | Reached **** piety under Okawaru
  6471 | D:8      | Reached skill level 10 in Fighting
  6471 | D:8      | Reached skill level 5 in Throwing
  6471 | D:8      | Reached XP level 10. HP: 60/93 MP: 7/11
  6644 | D:8      | Received a gift from Okawaru
  6973 | D:9      | Found a staircase to the Lair.
  7244 | D:9      | Found a flagged portal.
  7369 | Bailey   | Entered a bailey
  7625 | Bailey   | Reached XP level 11. HP: 46/100 MP: 11/13
  7901 | D:9      | Found a basalt altar of Yredelemnul.
  7985 | D:9      | Found Jisuc's Magic Scroll Boutique.
  8356 | D:9      | Noticed a two-headed ogre
  8363 | D:9      | Killed a two-headed ogre
  8363 | D:9      | Received a gift from Okawaru
  8612 | D:5      | Bought a shiny plate armour for 468 gold pieces
  8739 | D:10     | Entered Level 10 of the Dungeon
  8757 | D:10     | Reached skill level 5 in Invocations
  8823 | D:10     | Noticed a two-headed ogre
  8824 | D:10     | Noticed a two-headed ogre
  8834 | D:10     | Killed a two-headed ogre
  8836 | D:10     | Killed a two-headed ogre
  9061 | D:10     | Found a hide-covered altar of Uskayaw.
  9229 | D:9      | Bought a scroll of enchant armour for 105 gold pieces
  9281 | Lair:1   | Entered Level 1 of the Lair of Beasts
  9301 | Lair:1   | Noticed a catoblepas
  9312 | Lair:1   | Killed a catoblepas
  9312 | Lair:1   | Received a gift from Okawaru
  9457 | Lair:1   | Reached ***** piety under Okawaru
  9571 | Lair:1   | Reached XP level 12. HP: 107/113 MP: 13/15
  9622 | Lair:1   | Received a gift from Okawaru
 10476 | Lair:2   | Found a staircase to the Shoals.
 10483 | Lair:2   | Received a gift from Okawaru
 10722 | D:5      | Bought a scroll of brand weapon for 95 gold pieces
 10857 | Lair:2   | Found a hole to the Spider Nest.
 11524 | Lair:3   | Reached skill level 10 in Armour
 11538 | Lair:3   | Reached skill level 10 in Shields
 11541 | Lair:3   | Slain by a komodo dragon

Illustrated notes

Levels and vault maps discovered:
D:1:      ldierk_walled_garden_2, layout_loops_ring,
          chequers_ecumenical_altar_grove, chequers_serial_rivers_small_b,
          minmay_tromino_i4
D:2:      layout_basic, uniq_crazy_yiuf_cottage
D:3:      layout_basic, grunt_temple_overflow_order_and_chaos_2,
          lemuel_doored_altar, lemuel_crystal_altar, grunt_temple_overflow_open,
          guppyfry_early_orc_mine, uniq_grinder
D:4:      layout_cave_pools, minmay_temple_entry_antechambers
D:5:      layout_basic, serial_shops, shop, kennysheep_mini, shop,
          nicolae_shop_hallway_stairs, nicolae_inconvenience_store,
          corexii_hall_statues_l
D:6:      layout_cave_pods, xom_teletrap_fun,
          nicolae_ru_great_annihilating_truth,
          mainiacjoe_overflow_concentric_impassable,
          lightli_ossuary_entry_decrepit_ruins, corexii_shack,
          minmay_misc_feat_chi
D:7:      layout_cave_pods, cheibriados_altar_2, serial_shops, shop_fountains
D:8:      layout_loops_cross, elyvilon_altar_5, lemuel_crystal_altar,
          uniq_maggie
D:9:      layout_loops_corners, yredelemnul_forgotten_temple_becter,
          lair_entry_dummy, enter_bailey_8, serial_shops, shop
D:10:     layout_cross, lemuel_coloured_pillars_altar
Temple:   nicolae_temple_colour_theory
Lair:1:   layout_cave_pods, grunt_megastairs_1
Lair:2:   layout_hall_layers, nicolae_shoals_entry_roost,
          spider_nest_entry_web_field, chequers_serial_rivers_large_b
Lair:3:   layout_misc_corridors, nicolae_volcano_entry_lava_flow,
          serial_bayou_shore_b, lemuel_fruit_fields

Skill      XL: |  1  2  3  4  5  6  7  8  9 10 11 12 |
---------------+-------------------------------------+-----
Fighting       | 4 5 6 7 8 10 11 12 13 | 13.7
Axes           | 3 4 5 6 7 9 11 12 13 | 13.4
Shields        | 4 5 6 7 8 9 10 | 10.0
Armour         | 4 5 6 7 8 9 10 | 10.0
Throwing       | 1 2 3 5 6 7 |  7.5
Invocations    | 2 4 5 6 |  6.4

Action                   |  1- 3 |  4- 6 |  7- 9 | 10-12 || total
-------------------------+-------+-------+-------+-------++-------
Melee: War axe           |    78 |    90 |   222 |   298 ||   688
       Headbutt          |     4 |    19 |    39 |    49 ||   111
Invok: Heroism           |       |       |     3 |     7 ||    10
  Use: Scroll            |     7 |     5 |    10 |    12 ||    34
       Potion            |       |       |       |     1 ||     1
 Stab: Invisible         |       |       |     1 |       ||     1
       Paralysed         |       |       |     1 |       ||     1
Armor: Scale mail        |    52 |     8 |       |       ||    60
       Chain mail        |       |    78 |    94 |       ||   172
       Plate armour      |       |       |    21 |   213 ||   234
Dodge: Dodged            |    37 |    54 |   119 |   259 ||   469
Block: Buckler           |    17 |    31 |    67 |   128 ||   243

Table legend: (Time is in decaauts)
 A = Elapsed time spent in this place.
 B = Non-inter-level travel time spent in this place.
 C = Inter-level travel time spent in this place.
 D = Time resting spent in this place.
 E = Time spent auto-exploring this place.
 F = Levels seen in this place.
 G = Mean time per level.
                   A        B        C        D        E       F      G
               +--------+--------+--------+--------+--------+-----+--------+
         Total |  11679 |  10823 |    856 |    399 |   6648 |  16 |  729.9 |
       Dungeon |   8876 |   8172 |    704 |    250 |   5123 |  10 |  887.6 |
        Temple |     26 |     26 |      0 |      0 |      0 |   1 |   26.0 |
          Lair |   2151 |   2000 |    151 |      0 |   1524 |   3 |  717.0 |
       Ossuary |    177 |    177 |      0 |      0 |      0 |   1 |  177.0 |
        Bailey |    447 |    447 |      0 |    149 |      0 |   1 |  447.0 |
               +--------+--------+--------+--------+--------+-----+--------+

Top non-repeatable levels by time:
     D:5: 1417 daAuts
     D:9: 1243 daAuts
  Lair:1: 1238 daAuts
     D:6: 1100 daAuts
     D:8: 1008 daAuts
     D:7: 849 daAuts
     D:2: 833 daAuts
  Lair:2: 824 daAuts
     D:3: 761 daAuts
     D:1: 709 daAuts
     D:4: 491 daAuts
    D:10: 461 daAuts
  Bailey: 447 daAuts
 Ossuary: 177 daAuts
  Lair:3: 88 daAuts
